 Dungeon Crawl Stone Soup version 0.20-a0-1020-g7b9e4fe (webtiles) character file.

96 inmateoo the Scratcher (level 4, 0/19 HPs)
             Began as a Felid Transmuter on Apr 18, 2017.
             Succumbed to an adder's poison
             ... in a sewer.
             The game lasted 00:06:57 (3383 turns).

inmateoo the Scratcher (Felid Transmuter)           Turns: 3383, Time: 00:06:57

Health: 0/19       AC:  1    Str:  6    XL:     4   Next: 41%
Magic:  6/9        EV: 19    Int: 15    God:
Gold:   175        SH:  0    Dex: 17    Spells: 2/8 levels left
                                        Lives:  0   Deaths: 1

rFire    . . .     SeeInvis +     - Unarmed
rCold    . . .     Gourm    .   (shield unavailable)
rNeg     . . .     Faith    .   (armour unavailable)
rPois    .         Spirit   .   (helmet unavailable)
rElec    .         Reflect  .   (cloak unavailable)
rCorr    .         Harm     .   (gloves unavailable)
MR       .....                  (boots unavailable)
Stlth    ++........             (no amulet)
Regen    0.1/turn               (no ring)
MPRegen  0.2/turn               (no ring)

@: lethally poisoned (0 -> -9), exhausted, appendage (expiring), slowed, very
slow
A: no armour, no weapons or thrown items, stealth, claws 1, fangs 3, horns 2,
see invisible, carnivore 3, speed 1, shaggy fur 1, slow metabolism 1, sharp paws
a: End Transformation


You were in a sewer.
You were full.
You had grown temporary horns.
You visited 1 branch of the dungeon, and saw 3 of its levels.
You also visited: Sewer.

You collected 175 gold pieces.

Inventory:

Missiles
 a - 30 arrows
Jewellery
 g - an uncursed amulet of faith {unknown}
Scrolls
 d - a scroll of amnesia
 e - 3 scrolls of teleportation
 h - 4 scrolls of identify
 k - a scroll of fog {unknown}
 l - a scroll of noise {unknown}
Potions
 i - a potion of cancellation
 n - 2 potions of haste
Books
 b - a book of Changes

   Spells                             Type                      Level
   a - Beastly Appendage              Transmutation                1
   b - Sticks to Snakes               Transmutation                2
   c - Spider Form                    Transmutation/Poison         3
   d - Ice Form                       Ice/Transmutation            4
   e - Blade Hands                    Transmutation                5
Comestibles
 c - a meat ration
 f - a royal jelly


   Skills:
 + Level 1.9 Fighting
 + Level 3.5 Dodging
 * Level 3.5 Stealth
 * Level 3.9 Unarmed Combat
 + Level 2.7 Spellcasting
 + Level 2.9 Transmutations


You had 2 spell levels left.
You knew the following spells:

 Your Spells              Type           Power        Failure   Level  Hunger
a - Beastly Appendage     Tmut           ##....       8%          1    #......
b - Sticks to Snakes      Tmut           ##......     12%         2    ##.....
c - Spider Form           Tmut/Pois      #.........   34%         3    ###....


Dungeon Overview and Level Annotations

Branches:
Dungeon (3/15)

Altars:
Hepliaklqana
Okawaru


Innate Abilities, Weirdness & Mutations

You cannot wear armour.
You are incapable of wielding weapons or throwing items.
Your paws allow you to move quietly. (Stealth)
You have sharp claws.
You have razor-sharp teeth.
You have supernaturally acute eyesight. (SInv)
You are carnivorous and can eat meat at any time.
You cover ground quickly.
You are covered in fur. (AC +1)
You have a slow metabolism.
Your sharp claws are effective at attacking unaware monsters.
You have a pair of horns on your head.


Message History

You feel sick.
You enter the shallow water.
Moving in this stuff is going to be slow.
You feel a strong urge to attack something.
* * * LOW HITPOINT WARNING * * *
You feel sick.
You feel your anger subside.
Your transformation is almost over.
* * * LOW HITPOINT WARNING * * *
You feel sick.
You are no longer berserk.
You are exhausted.
You feel yourself slow down.
* * * LOW HITPOINT WARNING * * *
You feel sick. Why would you want to do that?
* * * LOW HITPOINT WARNING * * *
You feel sick.
* * * LOW HITPOINT WARNING * * *
You feel sick.
You die...

... ...# #...##
#....###################
#......≈≈≈≈≈≈≈#≈≈≈≈≈≈≈#.
#....≈≈≈≈≈≈≈≈≈≈≈≈≈≈≈≈≈.
#....≈≈SS≈≈†.≈≈≈≈≈≈≈≈≈.
#....≈@≈≈≈≈†.≈≈≈≈≈≈≈≈≈.
##.†.≈≈≈≈≈≈≈≈≈≈≈≈≈≈≈≈≈.
###.#≈≈≈≈≈#≈≈≈≈≈≈≈≈≈..
#################### ###
#.. #.. ### #


You could see 2 friendly adders.

Vanquished Creatures
  3 adders
  5 river rats (Sewer)
  2 oozes
  A worm (D:2)
  4 dart slugs
  3 leopard geckos (D:2)
  5 orcs (D:3)
  2 giant cockroaches (D:2)
  4 goblins (D:2)
  11 hobgoblins
  8 jackals
  4 ball pythons (Sewer)
  11 bats
  3 frilled lizards
  7 kobolds
  26 rats
99 creatures vanquished.

Vanquished Creatures (collateral kills)
  An adder (D:3)
  4 ball pythons
  A giant cockroach (D:3)
  A quokka (D:3)
  A frilled lizard (D:3)
8 creatures vanquished.

Grand Total: 107 creatures vanquished

Notes
Turn   | Place    | Note
-------+----------+-------------------------------------------
     0 | D:1      | inmateoo the Felid Transmuter began the quest for the Orb.
     0 | D:1      | Reached XP level 1. HP: 9/9 MP: 4/4
   317 | D:1      | Reached XP level 2. HP: 12/12 MP: 4/6
   498 | D:1      | Reached skill level 1 in Stealth
   597 | D:1      | Learned a level 2 spell: Sticks to Snakes
   893 | D:2      | Reached XP level 3. HP: 15/15 MP: 5/7
  1583 | D:2      | Reached XP level 4. HP: 16/19 MP: 6/8
  1614 | D:2      | Learned a level 3 spell: Spider Form
  1945 | D:3      | Found a hazy altar of Hepliaklqana.
  2053 | D:3      | Found an iron altar of Okawaru.
  2140 | D:3      | Found a glowing drain.
  2212 | Sewer    | Entered a sewer
  2485 | Sewer    | Reached XP level 5. HP: 3/22 MP: 7/10
  3321 | Sewer    | Slain by an adder
  3322 | Sewer    | Reached XP level 4. HP: 0/19 MP: 4/9
  3383 | Sewer    | Succumbed to an adder's poison

Vault maps used:
D:1:      dpeg_arrival_simpleton_a, minmay_misc_feat_tower
D:3:      lemuel_coloured_pillars_altar, cheibrodos_sewer_entry_sluice,
          first_bread, okawaru_gym_becter
Sewer:    sewer_minmay_w

Skill      XL: |  1  2  3  4 |
---------------+-------------+-----
Dodging        | 3 |  3.5
Stealth        | 1 2 3 |  3.5
Fighting       | |  1.9
Unarmed Combat | |  3.9
Spellcasting   | |  2.7
Transmutations | |  2.9

Action                   |  1- 3 |  4- 6 || total
-------------------------+-------+-------++-------
Melee: Unarmed           |   120 |   169 ||   289
       Bite              |    12 |    13 ||    25
       Headbutt          |    12 |    22 ||    34
       Punch             |       |     3 ||     3
 Cast: Beastly Appendage |    12 |    17 ||    29
       Sticks to Snakes  |     2 |    14 ||    16
  Use: Scroll            |     5 |       ||     5
       Potion            |       |     4 ||     4
 Stab: Sleeping          |     8 |     2 ||    10
  Eat: Chunk             |     8 |     8 ||    16
Armor: Skin              |     5 |     7 ||    12
Dodge: Dodged            |    89 |   148 ||   237
